 Dungeon Crawl Stone Soup version 0.29-a0-872-g797fff5ad1 (webtiles) character file.

Game seed: 9038744693587482027

16 LynnLen the Sneak (level 2, -3/16 HPs)
             Began as a Vampire Enchanter on July 19, 2022.
             Slain by a gnoll
             ... wielding a +0 club
              (5 damage)
             ... on level 1 of the Dungeon.
             The game lasted 00:01:18 (837 turns).

LynnLen the Sneak (Vampire Enchanter)                Turns: 837, Time: 00:01:19

Health: -3/16      AC:  2    Str:  7    XL:     2   Next: 37%
Magic:  5/5        EV: 12    Int: 17    God:
Gold:   27         SH:  0    Dex: 14    Spells: 5/5 levels left

rFire   . . .      SeeInvis +   a - +1 dagger
rCold   + + .      Faith    .   (no shield)
rNeg    + + +      Spirit   .   b - +0 robe
rPois   ∞          Reflect  .   (no helmet)
rElec   .          Harm     .   (no cloak)
rCorr   .          Rampage  .   (no gloves)
Will    .....                   (no boots)
Stlth   +++++.....              (no amulet)
HPRegen 0.00/turn               (no ring)
MPRegen 0.09/turn               (no ring)

@: bloodless, inhibited regen, invisible
A: bloodless, fangs 3, see invisible, vampiric 1
a: Revivify


You were on level 1 of the Dungeon.
You visited 1 branch of the dungeon, and saw 1 of its levels.

You collected 27 gold pieces.

Inventory:

Hand Weapons
 a - a +1 dagger (weapon)
Missiles
 d - 44 stones (quivered)
Armour
 b - a +0 robe (worn)
Scrolls
 e - a scroll of fear {unknown}
 f - a scroll of immolation {unknown}
 g - a scroll of identify {unknown}
Potions
 c - a potion of invisibility


   Skills:
 * Level 0.5 Fighting
 * Level 1.6 Short Blades
 + Level 2.3 Dodging
 + Level 5.1 Stealth
 - Level 2.0 Spellcasting
 - Level 4.4 Hexes


You had 5 spell levels left.
You didn't know any spells.
Your spell library contained the following spells:

 Spells                   Type           Power      Damage    Failure   Level
 Confusing Touch          Hex            16%        N/A       10%         3
 Tukima's Dance           Hex            16%        N/A       10%         3
 Ensorcelled Hibernation  Hex/Ice        18%        N/A       12%         2
 Dazzling Flash           Conj/Hex       18%        N/A       24%         3


Dungeon Overview and Level Annotations

Branches:
Dungeon (1/15)

Altars:


Innate Abilities, Weirdness & Mutations

You do not regenerate when monsters are visible.
You are frail without blood (-20% HP).
You can heal yourself when you bite living creatures.
You are immune to poison.
You have razor-sharp teeth.
You have supernaturally acute eyesight. (SInv)
You are afflicted with vampirism.


Message History

You hit the rat.
The rat is severely wounded.
The rat bites you.
You hit the rat.
You kill the rat!
Found a leather armour.
The goblin shouts!
The gnoll hits you with a +0 club.
You barely miss the gnoll. Your bite misses the gnoll.
The dart slug launches a dart at you. The slug dart misses you.
The gnoll hits you with a +0 club!
Ouch! That really hurt!
* * * LOW HITPOINT WARNING * * *
You hit the gnoll.
The gnoll is lightly wounded.
The goblin hits you but does no damage. The gnoll closely misses you.
You fade into invisibility!
The goblin closely misses you. The gnoll misses you.
You hit the goblin.
The goblin is heavily wounded.
The dart slug launches a dart at you.
The slug dart hits the goblin.
The goblin dies!
The gnoll barely misses you.
Things that are here:
a +0 club; a goblin corpse
Found 5 stones.
The gnoll shouts!
You hit the dart slug.
The dart slug is moderately wounded.
The dart slug barely misses you.
You hit the dart slug.
The dart slug is heavily wounded.
You hit the dart slug but do no damage.
The dart slug is heavily wounded.
The gnoll closely misses you.
You hit the gnoll.
The gnoll is moderately wounded.
The gnoll hits you with a +0 club.
You die...

#♣♣.8_8..♣♣ .#
♣♣........♣♣###.#####...
..♣♣...♣...♣...........#
♣♣♣♣.∩.♣♣♣.♣...........#
...♣...♣.♣♣...........(
#♣♣♣.♣.♣#.............
.♣..♣♣..♣........w.#
#♣.♣♣♣♣.♣#.........#
.♣.♣..♣.♣..!..)g@..#
..♣♣.♣♣.♣#.........#
##♣#.♣..♣#.........#
####.♣.♣♣#.........#
.....♣.♣##.........#
####..♣.##.........#
####.#..##....[....#
#....#.#############
#....#.#


You could see a gnoll (unable to see you) and a dart slug (wandering, unable to
see you).

Vanquished Creatures
  A dart slug (D:1)
  2 ball pythons (D:1)
  3 endoplasms (D:1)
  A kobold (D:1)
  2 goblins (D:1)
  3 rats (D:1)
12 creatures vanquished.

Vanquished Creatures (others)
  A goblin (D:1)
1 creature vanquished.

Grand Total: 13 creatures vanquished

Notes
Turn   | Place    | Note
-------+----------+-------------------------------------------
     0 | D:1      | LynnLen the Vampire Enchanter began the quest for the Orb.
     0 | D:1      | Reached XP level 1. HP: 13/13 MP: 3/3
   453 | D:1      | Found a faded altar of an unknown god.
   502 | D:1      | Reached XP level 2. HP: 16/16 MP: 5/5
   682 | D:1      | Reached skill level 5 in Stealth
   837 | D:1      | Slain by a gnoll

Illustrated notes

Levels and vault maps discovered:
D:1:      minmay_arrival_shattered_statue, layout_basic,
          shapermc_ecumenical_altar_totnotflames, minmay_quantized

Skill      XL: |  1  2 |
---------------+-------+-----
Stealth        | 5 |  5.1
Fighting       | |  0.5
Short Blades   | |  1.6
Dodging        | |  2.3
Spellcasting   | |  2.0
Hexes          | |  4.4

Action                   || total
-------------------------++-------
Melee: Dagger            ||    32
       Bite              ||     1
 Abil: Exsanguinate      ||     1
  Use: Potion            ||     1
 Stab: Sleeping          ||     7
Armor: Robe              ||     4
Dodge: Dodged            ||    13

Table legend: (Time is in decaauts)
 A = Elapsed time spent in this place.
 B = Non-inter-level travel time spent in this place.
 C = Inter-level travel time spent in this place.
 D = Time resting spent in this place.
 E = Time spent auto-exploring this place.
 F = Levels seen in this place.
 G = Mean time per level.
                   A        B        C        D        E       F      G
               +--------+--------+--------+--------+--------+-----+--------+
         Total |    834 |    834 |      0 |      0 |    651 |   1 |  834.0 |
       Dungeon |    834 |    834 |      0 |      0 |    651 |   1 |  834.0 |
               +--------+--------+--------+--------+--------+-----+--------+

Top non-repeatable levels by time:
     D:1: 834 daAuts
